AoeStats
← ynimral27

Nomad

509463856Analyzed
4v4 RM · 6d ago on Sep 26, 2026· 34m 1s· 8 players
Game mode
Random Map
Map size
231×231
Population
200
Speed
Normal
Resources
Standard
Victory
Conquest
Starting age
Dark Age
Ending age
Imperial Age
RankedLock teamsTeams togetherTeam positionsShared explorationLock speedFull tech treeHidden civsTurbo modeCheats
Victory
Defeat
🇩🇪 Italians · Germany
1175
+14
🇺🇾 Turks · Uruguay
1130
+16
🇵🇪 Franks · Peru
1087
+18
🇺🇸 Japanese · United States
1064
+19
🇨🇳 Vietnamese · China
1174
-19
🇭🇰 Vikings · Hong Kong SAR China
1115
-16
🇲🇽 Italians · Mexico
1113
-16
🇮🇳 Persians · India
1109
-16
ieshwarvsr
6:20 Loom
15:20 Feudal Age
21:41 Castle Age
19:32 Double-Bit Axe
23:02 Bow Saw
25:46 Husbandry
25:56 Bloodlines
25:11 Elite Skirmisher
30:13 Horse Collar
JR | jromano
4:51 Loom
15:56 Feudal Age
17:37 Double-Bit Axe
20:15 Castle Age
19:39 Fishing Lines
21:01 Fletching
21:27 Medium Warships
21:54 Wheelbarrow
21:51 Town Watch
22:34 Bodkin Arrow
26:33 Bow Saw
28:26 Hand Cart
中国NO.1
15:03 Feudal Age
19:25 Castle Age
19:48 Double-Bit Axe
20:52 Medium Warships
27:53 Bow Saw
27:25 Horse Collar
28:52 Stone Mining
28:55 Gold Mining
29:15 Fletching
30:41 Bodkin Arrow
30:46 Padded Archer Armor
32:01 Loom
34:21 Ballistics
33:43 Treadmill Crane
Huns
5:22 Loom
13:35 Feudal Age
14:18 Town Watch
18:16 Castle Age
17:31 Forging
17:16 Double-Bit Axe
17:40 Fletching
25:39 Horse Collar
FRKNCY
5:00 Loom
13:46 Feudal Age
17:29 Castle Age
15:58 Double-Bit Axe
19:06 Bow Saw
18:36 Horse Collar
23:15 Fletching
26:17 Wheelbarrow
26:05 Heavy Plow
26:12 Town Watch
28:10 Bodkin Arrow
32:12 Imperial Age
30:43 Padded Archer Armor
32:56 Bracer
34:06 Scale Barding Armor
35:05 Chemistry
34:32 Pirotechnia
scott.hurstell
7:19 Loom
19:08 Feudal Age
21:08 Stone Mining
21:07 Double-Bit Axe
27:12 Castle Age
27:45 Gold Mining
28:06 Bow Saw
27:32 Demolition Ship
28:26 Medium Warships
31:46 Forging
31:36 Scale Mail Armor
33:04 Iron Casting
33:22 Chain Mail Armor
33:29 Arson
33:45 Squires
34:00 Horse Collar
Azom
5:05 Loom
5:41 Loom
15:15 Feudal Age
15:31 Feudal Age
21:32 Castle Age
25:37 Castle Age
27:53 Fishing Lines
ynimral27
5:42 Loom
14:04 Feudal Age
15:10 Double-Bit Axe
16:38 Gold Mining
17:59 Fishing Lines
19:11 Wheelbarrow
22:23 Castle Age
23:28 Gillnets
23:55 Medium Warships
27:56 Imperial Age
26:32 Gold Shaft Mining
26:11 Bow Saw
33:08 Padded Archer Armor
Connection lost

Rejoining the realm…

Still unreachable

The connection could not be restored.

Session expired

The server has moved on; the page needs a fresh start.